 Dungeon Crawl Stone Soup version 0.22-a0-93-g6b88ebb (webtiles) character file.

10105 mortelune the Destroyer (level 11, -9/84 HPs)
             Began as a Barachi Ice Elementalist on Jan 24, 2018.
             Was a High Priest of Cheibriados.
             Mangled by a six-headed hydra (15 damage)
             ... on level 12 of the Dungeon.
             The game lasted 01:09:43 (19261 turns).

mortelune the Destroyer (Barachi Ice Elementalist) Turns: 19261, Time: 01:09:44

Health: -9/84      AC:  8    Str: 22    XL:     11   Next: 56%
Magic:  36/38      EV: 13    Int: 31    God:    Cheibriados [*****.]
Gold:   536        SH:  8    Dex: 29    Spells: 13/27 levels left

rFire    + . .     SeeInvis .   R - staff of power
rCold    + . .     Gourm    .   y - +2 buckler
rNeg     . . .     Faith    .   p - +3 leather armour {rF+}
rPois    .         Spirit   .   (no helmet)
rElec    .         Reflect  .   (no cloak)
rCorr    .         Harm     .   v - +0 pair of gloves
MR       .....                  k - +0 pair of boots
Stlth    +++.......             f - amulet of magic regeneration
HPRegen  0.24/turn              H - ring of protection from cold
MPRegen  0.51/turn              Q - +5 ring of dexterity

@: can't hop, very slow
A: +LOS, swims, mutation resistance 1, slowness 1, strong legs 1
a: Hop, Bend Time, Temporal Distortion, Slouch, Step From Time, Renounce
Religion


You were on level 12 of the Dungeon.
You worshipped Cheibriados.
Cheibriados was extremely pleased with you.
You were not hungry.

You visited 2 branches of the dungeon, and saw 13 of its levels.
You also visited: Ossuary.

You collected 932 gold pieces.
You spent 396 gold pieces at shops.

Inventory:

Hand Weapons
 z - a +1 flail of protection
 M - a +0 glaive
Armour
 d - a +0 leather armour
 g - a +0 scale mail of poison resistance
 k - a +0 pair of boots (worn)
 p - a +3 leather armour of fire resistance (worn)
 s - the +3 chain mail of the Black Moon {rPois}
   (You found it on level 4 of the Dungeon)

   It protects you from poison.
 v - a +0 pair of gloves (worn)
 y - a +2 buckler (worn)
 S - the +0 ring mail of Precision Catastrophes {-Tele rPois Str+3 Int+3}
   (You took it off an orc on level 8 of the Dungeon)

   It affects your strength (+3).
   It affects your intelligence (+3).
   It protects you from poison.
   It prevents most forms of teleportation.
 W - the +3 leather armour "Jouhew" {rElec rC- rN++ MR-}
   (You took it off an orc on level 9 of the Dungeon)

   It makes you vulnerable to cold.
   It insulates you from electricity.
   It greatly protects you from negative energy.
   It affects your resistance to hostile enchantments.
Magical Staves
 F - an uncursed staff of earth
 P - an uncursed staff of fire
 R - an uncursed staff of power (weapon)
Jewellery
 f - an amulet of magic regeneration (around neck)
 r - an uncursed ring of fire
 H - a ring of protection from cold (left hand)
 Q - a +5 ring of dexterity (right hand)
Wands
 l - a wand of iceblast (18)
 x - a wand of enslavement (12)
 A - a wand of acid (20)
 G - a wand of paralysis (11)
 U - a wand of flame (41)
Scrolls
 a - a scroll of silence {unknown}
 e - 4 scrolls of enchant weapon
 h - a scroll of identify
 i - 3 scrolls of remove curse
 j - 2 scrolls of enchant armour {unknown}
 n - 2 scrolls of blinking {unknown}
 q - 2 scrolls of magic mapping
 t - a scroll of random uselessness {unknown}
 u - a scroll of amnesia {unknown}
 B - 4 scrolls of teleportation
 D - a scroll of fear
 E - a scroll of brand weapon {unknown}
 N - a scroll of fog {unknown}
Potions
 m - 4 potions of curing
 o - 2 potions of cancellation
 w - a potion of agility {unknown}
 J - 3 potions of brilliance
 K - 2 potions of magic
 L - a potion of ambrosia
 X - 2 potions of lignification
 Z - a potion of flight {unknown}
Books
 b - a book of Frost

   Spells                             Type                      Level
   a - Freeze                         Ice                          1
   b - Throw Frost                    Conjuration/Ice              2
   c - Ozocubu's Armour               Charms/Ice                   3
   d - Throw Icicle                   Conjuration/Ice              4
   e - Summon Ice Beast               Ice/Summoning                4
 C - a book of Misfortune

   Spells                             Type                      Level
   a - Confusing Touch                Hexes                        1
   b - Confuse                        Hexes                        3
   c - Gell's Gravitas                Translocation                3
   d - Petrify                        Transmutation/Earth          4
   e - Metabolic Englaciation         Hexes/Ice                    5
   f - Yara's Violent Unravelling     Hexes/Transmutation          5
 I - a book of Flames

   Spells                             Type                      Level
   a - Flame Tongue                   Conjuration/Fire             1
   b - Throw Flame                    Conjuration/Fire             2
   c - Conjure Flame                  Conjuration/Fire             3
   d - Inner Flame                    Hexes/Fire                   3
   e - Sticky Flame                   Conjuration/Fire             4
   f - Fireball                       Conjuration/Fire             5
 T - a book of Necromancy

   Spells                             Type                      Level
   a - Pain                           Necromancy                   1
   b - Animate Skeleton               Necromancy                   1
   c - Vampiric Draining              Necromancy                   3
   d - Regeneration                   Charms/Necromancy            3
   e - Animate Dead                   Necromancy                   4
Comestibles
 c - 19 rations


   Skills:
 + Level 7.0 Fighting
 - Level 2.1 Dodging
 - Level 1.7 Stealth
 * Level 2.0 Shields
 + Level 8.9 Spellcasting
 + Level 12.0 Conjurations
 + Level 11.2 Ice Magic
 + Level 1.1 Invocations


You had 13 spell levels left.
You knew the following spells:

 Your Spells              Type           Power        Failure   Level  Hunger
a - Freeze                Ice            ####         1%          1    None
b - Throw Frost           Conj/Ice       ######       1%          2    None
c - Ozocubu's Armour      Chrm/Ice       #####...     1%          3    None
d - Throw Icicle          Conj/Ice       ######..     1%          4    None
e - Summon Ice Beast      Ice/Summ       #####...     5%          4    None


Dungeon Overview and Level Annotations

Branches:
Dungeon (12/15)            Temple (1/1) D:7            Lair (0/6) D:11
    Orc (0/2) D:9

Altars:
Cheibriados
Dithmenos
Gozag
Hepliaklqana
Nemelex Xobeh
Qazlal
Ru
Sif Muna
Trog
Wu Jian
Yredelemnul
Zin
The Shining One
Beogh

Shops:
D:4 *   D:10 [

Annotations:
D:2 1 exclusion, Sigmund
D:12 Psyche, Sonja


Innate Abilities, Weirdness & Mutations

Shadows flee at your approach. (+LOS)
You can swim through water.
You cover ground slowly.
You can hop short distances.
You are somewhat resistant to further mutation.


Message History

You block the six-headed hydra's attack.
The six-headed hydra misses you. The six-headed hydra barely misses you.
The six-headed hydra bites you.
* * * LOW HITPOINT WARNING * * *
The six-headed hydra bites you.
* * * LOW HITPOINT WARNING * * *
Found 22 stones.
Casting: Summon Ice Beast
Confirm with . or Enter, or press ? or * to list all spells.
Aiming: Freeze
Press: ? - help, Shift-Dir - straight line, f - six-headed hydra
Aim: a six-headed hydra You freeze the six-headed hydra.
The six-headed hydra is lightly wounded.
The orc warrior hits your ice beast with a mace!
Your ice beast dies!
The six-headed hydra misses you. The six-headed hydra bites you!
* * * LOW HITPOINT WARNING * * *
The six-headed hydra bites you!
You die...

,,,,,********,,,,....#
,,,,,+,,,,,,,,,,,....#
,,,,,********,,,,....#
,,,,,* *,,,,....#
,,,,,* *,,∩,....#
,,,>,* *,,,,(...#
***+** *,,,,...,* *,,*
**###.#*** *,** ##(@.#
**,* #.D### ,,,* #.##
***** ####o######
,,,,* #..oo$o...#
,,,,*


#.oooooo..# ,,,,* #oo.oooo..# ,,,,* #...ooo...# ,,,,* #......$..# You could see
a six-headed hydra, 3 orc warriors, 2 orc priests and an orc.

Vanquished Creatures
  A two-headed ogre (D:8)
  Pikel (D:9)
  Joseph (D:7)
  A gargoyle (D:10)
  2 trolls
  2 hornets
  A slime creature (D:8)
  A wraith (D:11)
  8 yaks
  A steam dragon (D:11)
  2 wargs (D:9)
  2 ice beasts (D:9)
  2 slaves (D:9)
  5 orc warriors
  2 ogres
  2 sky beasts
  A necrophage (D:11)
  A wolf (D:9)
  2 centaurs
  A crocodile (D:11)
  A big kobold (D:8)
  An elf zombie (Ossuary)
  7 bullfrogs
  2 scorpions
  7 killer bees
  2 electric eels (D:9)
  2 centaur zombies
  7 crimson imps
  A bullfrog zombie (D:11)
  3 jellies
  5 hounds
  4 orc priests
  7 orc wizards
  2 iguanas (D:7)
  Natasha (twice) (D:3)
  Terence (D:2)
  6 worker ants
  2 killer bee zombies
  A big kobold zombie (Ossuary)
  A bullfrog simulacrum (D:9)
  A hound zombie (D:6)
  A hound skeleton (D:5)
  3 mummies (Ossuary)
  2 worker ant zombies (D:5)
  9 gnolls
  18 adders
  A shadow imp (D:11)
  7 white imps
  2 ufetubi
  2 adder skeletons
  4 worms
  4 dart slugs
  An adder simulacrum (D:9)
  5 leopard geckos
  35 orcs
  5 bats
  7 giant cockroaches
  10 goblins
  6 hobgoblins
  11 jackals
  18 kobolds
  6 quokkas
  7 frilled lizards
  A goblin zombie (D:8)
  A kobold zombie (Ossuary)
  A leopard gecko skeleton (D:4)
  A quokka zombie (D:6)
  8 rats (D:1)
  2 rat zombies (Ossuary)
282 creatures vanquished.

Vanquished Creatures (collateral kills)
  2 two-headed ogres (D:9)
  An ugly thing (D:11)
  A cyclops (D:11)
  A yak (D:9)
  A hungry ghost (D:8)
  A basilisk (D:8)
  A warg (D:9)
  A bullfrog (D:10)
  A big kobold (D:8)
  2 killer bees
  A bullfrog zombie (D:5)
  An orc priest (D:8)
  A jelly (D:8)
  An orc wizard (D:10)
  A hound zombie (Ossuary)
  A mummy (Ossuary)
  A worker ant zombie (D:8)
  2 adder zombies (Ossuary)
  6 orcs
  2 goblin zombies
  2 hobgoblin zombies (Ossuary)
  A kobold zombie (Ossuary)
32 creatures vanquished.

Vanquished Creatures (others)
  A water moccasin zombie (D:9)
  A kobold (D:9)
2 creatures vanquished.

Grand Total: 316 creatures vanquished

Notes
Turn   | Place    | Note
-------+----------+-------------------------------------------
     0 | D:1      | mortelune the Barachi Ice Elementalist began the quest for the Orb.
     0 | D:1      | Reached XP level 1. HP: 13/13 MP: 3/3
   178 | D:1      | Reached skill level 1 in Fighting
   178 | D:1      | Reached XP level 2. HP: 21/21 MP: 3/5
   182 | D:1      | Learned a level 2 spell: Throw Frost
   950 | D:1      | Reached XP level 3. HP: 26/26 MP: 0/7
  2106 | D:2      | Reached XP level 4. HP: 13/33 MP: 0/8
  2433 | D:2      | Reached skill level 2 in Conjurations
  2917 | D:2      | Found an opulent altar of Gozag.
  2934 | D:2      | Found a glowing golden altar of the Shining One.
  2934 | D:2      | Found a sparkling altar of Nemelex Xobeh.
  3026 | D:2      | Learned a level 3 spell: Ozocubu's Armour
  3182 | D:2      | Noticed Terence
  3187 | D:2      | Killed Terence
  3187 | D:2      | Reached XP level 5. HP: 38/38 MP: 1/10
  3321 | D:2      | Reached skill level 5 in Ice Magic
  3436 | D:2      | Noticed Sigmund
  3884 | D:3      | Found a deep blue altar of Sif Muna.
  4060 | D:3      | Noticed Natasha
  4069 | D:3      | Killed Natasha
  4219 | D:3      | Reached skill level 3 in Conjurations
  4277 | D:3      | Reached XP level 6. HP: 44/44 MP: 4/11
  4716 | D:3      | Noticed Natasha
  4845 | D:3      | Found a deep blue altar of Sif Muna.
  5148 | D:3      | Killed Natasha
  5357 | D:3      | Learned a level 4 spell: Throw Icicle
  6330 | D:4      | Reached XP level 7. HP: 50/50 MP: 4/13
  6748 | D:4      | Found Satig's Assorted Antiques.
  6755 | D:4      | Bought a scroll labeled OSAUDO XEU for 24 gold pieces
  6755 | D:4      | Bought a scroll labeled IRAURCHI MEUSIS for 24 gold pieces
  6755 | D:4      | Bought a curved bronze wand for 96 gold pieces
  6989 | D:4      | Got a smoking chain mail
  7160 | D:4      | Reached skill level 4 in Conjurations
  7371 | D:5      | Entered Level 5 of the Dungeon
  7824 | D:5      | Learned a level 4 spell: Summon Ice Beast
  8796 | D:6      | Reached skill level 5 in Conjurations
  8977 | D:6      | Found a shadowy altar of Dithmenos.
  8977 | D:6      | Found a bloodstained altar of Trog.
  8982 | D:6      | Found a glowing silver altar of Zin.
  8992 | D:6      | Reached XP level 8. HP: 36/56 MP: 5/15
  8993 | D:6      | Found a faded altar of an unknown god.
  9080 | D:6      | Found a faded altar of an unknown god.
  9157 | D:6      | Reached skill level 5 in Spellcasting
  9582 | D:7      | Noticed a hornet
  9590 | D:7      | Reached skill level 6 in Conjurations
  9652 | D:7      | Killed a hornet
  9779 | D:7      | Noticed Joseph
  9830 | D:7      | Paralysed by Joseph for 6 turns
  9842 | D:7      | HP: 1/56 [Joseph/uncursed quarterstaff (20)]
  9845 | D:7      | Killed Joseph
  9845 | D:7      | Reached skill level 7 in Conjurations
 10219 | D:7      | Reached XP level 9. HP: 61/61 MP: 10/18
 10661 | D:7      | Found a staircase to the Ecumenical Temple.
 10672 | Temple   | Entered the Ecumenical Temple
 10692 | Temple   | Became a worshipper of Cheibriados the Contemplative
 10739 | D:7      | Reached skill level 8 in Conjurations
 11045 | D:8      | Found a sand-covered staircase.
 11060 | Ossuary  | Entered an ossuary
 11068 | Ossuary  | Gained mutation: You are somewhat resistant to further mutation. [potion of mutation]
 11128 | Ossuary  | Reached * piety under Cheibriados
 12101 | D:8      | Paralysed by fainting for 12 turns
 12594 | D:8      | Reached skill level 9 in Conjurations
 12598 | D:8      | Got a scorched scale mail
 12628 | D:8      | Got an ichor-stained ring mail
 12725 | D:8      | Noticed a two-headed ogre
 13023 | D:8      | Killed a two-headed ogre
 13023 | D:8      | Reached XP level 10. HP: 70/70 MP: 1/20
 13276 | D:8      | Reached ** piety under Cheibriados
 13276 | D:8      | Reached skill level 10 in Conjurations
 13368 | D:8      | Identified the +0 ring mail of Precision Catastrophes {-Tele rPois Str+3 Int+3} (You took it off an orc on level 8 of the Dungeon)
 13378 | D:8      | Identified the +8 scale mail "Quzof" {MR- Dex+7} (You took it off an orc warrior on level 8 of the Dungeon)
 13388 | D:8      | Identified the +3 chain mail of the Black Moon {rPois} (You found it on level 4 of the Dungeon)
 13867 | D:9      | Noticed Pikel
 14229 | D:9      | Noticed a two-headed ogre
 14545 | D:9      | Got a warped leather armour
 14552 | D:9      | Killed a two-headed ogre
 14552 | D:9      | Reached skill level 10 in Ice Magic
 14563 | D:9      | Identified the +3 leather armour "Jouhew" {rElec rC- rN++ MR-} (You took it off an orc on level 9 of the Dungeon)
 14713 | D:9      | Killed Pikel
 14830 | D:9      | Reached skill level 5 in Fighting
 14882 | D:9      | Found a staircase to the Orcish Mines.
 14897 | D:9      | Reached *** piety under Cheibriados
 15615 | D:9      | Reached skill level 11 in Conjurations
 15786 | D:9      | Found a sacrificial altar of Ru.
 16013 | D:9      | Noticed a two-headed ogre
 16018 | D:9      | Killed a two-headed ogre
 16188 | D:9      | Reached XP level 11. HP: 81/81 MP: 18/23
 16461 | D:10     | Entered Level 10 of the Dungeon
 16653 | D:10     | Reached **** piety under Cheibriados
 17151 | D:10     | Found Rasylara's Antique Armour Shoppe.
 17157 | D:10     | Bought a glowing scale mail for 147 gold pieces
 17157 | D:10     | Bought a dyed leather armour for 105 gold pieces
 17868 | D:11     | Reached ***** piety under Cheibriados
 18316 | D:11     | Noticed a cyan ugly thing
 18335 | D:11     | Killed a cyan ugly thing
 18335 | D:11     | Reached skill level 12 in Conjurations
 18484 | D:11     | Reached skill level 1 in Shields
 18530 | D:11     | Found a staircase to the Lair.
 18537 | D:11     | Noticed a cyclops
 18559 | D:11     | Killed a cyclops
 18859 | D:11     | Reached skill level 1 in Invocations
 19191 | D:12     | Noticed Sonja
 19230 | D:12     | Noticed Psyche
 19253 | D:12     | Found a roughly hewn altar of Beogh.
 19253 | D:12     | Noticed a six-headed hydra
 19254 | D:12     | HP: 4/84 [orc warrior/trident (22)]
 19261 | D:12     | Mangled by a six-headed hydra

Vault maps used:
D:1:      zelgadis_glass_arrival_small, corexii_corridor_pit, st_stairs_7,
          hex_intersection
D:2:      gammafunk_temple_overflow_elements, nicolae_gozag_seed_capital,
          uniq_terence, uniq_sigmund
D:3:      lemuel_doored_altar, first_ration, uniq_natasha
D:4:      serial_shops, shop
D:6:      chequers_temple_overflow_minitemple, moated_statue
D:7:      temple_statues, uniq_joseph
D:8:      enter_ossuary_4, blue_anna_alchemist, minmay_diamond_spiral
D:9:      minmay_orc_entry_guard_dogs, serial_ice, serial_ice_l, serial_ice_m,
          serial_ice_n, serial_ice_h, serial_ice_e, serial_ice_f, serial_ice_c,
          serial_ice_d, nicolae_ru_great_annihilating_truth, uniq_pikel
D:10:     serial_shops, nicolae_shop_overgrown_old_shop
D:11:     lair_entry_dummy
D:12:     lab_entry_generic, enter_trove_0, laboratory, uniq_nergalle,
          uniq_harold, uniq_sonja, uniq_psyche
Temple:   eino_temple_scatter_basement
Ossuary:  ossuary_minmay_tomb_2a

Skill      XL: |  1  2  3  4  5  6  7  8  9 10 11 |
---------------+----------------------------------+-----
Fighting       | 1 2 3 5 7 |  7.0
Ice Magic      | 4 5 6 7 8 9 10 11 | 11.2
Spellcasting   | 3 4 6 7 8 |  8.9
Conjurations   | 2 3 5 7 9 11 12 | 12.0
Shields        | 2 |  2.0
Invocations    | 1 |  1.1
Dodging        | |  2.1
Stealth        | |  1.7

Action                   |  1- 3 |  4- 6 |  7- 9 | 10-12 || total
-------------------------+-------+-------+-------+-------++-------
Melee: Unarmed           |     8 |       |       |       ||     8
       Club              |     7 |       |       |       ||     7
       Short sword       |     3 |       |       |       ||     3
       Flail             |       |     4 |   129 |       ||   133
       Glaive            |       |       |       |     5 ||     5
       Staff             |       |       |       |     1 ||     1
 Cast: Freeze            |    33 |    87 |   148 |    34 ||   302
       Throw Frost       |    27 |    47 |    66 |    49 ||   189
       Ozocubu's Armour  |       |     5 |     7 |     8 ||    20
       Summon Ice Beast  |       |       |    21 |    32 ||    53
       Throw Icicle      |       |       |    31 |   160 ||   191
Invok: Bend Time         |       |       |       |     1 ||     1
 Abil: Hop               |     1 |     1 |     2 |     2 ||     6
Evoke: Wand              |       |       |     1 |     4 ||     5
  Use: Scroll            |       |     5 |    11 |     8 ||    24
       Potion            |       |       |     7 |     1 ||     8
 Stab: Distracted        |       |       |       |     1 ||     1
  Eat: Chunk             |     5 |    10 |    17 |    15 ||    47
       Ration            |       |     2 |     5 |       ||     7
Armor: Leather armour    |     8 |    21 |       |    24 ||    53
       Robe              |     1 |     3 |   107 |     1 ||   112
Dodge: Dodged            |    22 |    41 |   220 |    89 ||   372
Block: Buckler           |       |       |       |    12 ||    12

Table legend:
 A = Spawn XP
 B = Non-spawn XP
 C = Spawn XP percentage of total XP
 D = Spawn monster count
 E = Non-spawn monster count
 F = Spawn count percentage of total count
 G = Total turns spent on level
                    A         B        C        D         E        F      G
               +---------+---------+-------+---------+---------+-------+---------
         Total |       0 |   14437 |   0.0 |       0 |     312 |   0.0 | 19261
               +---------+---------+-------+---------+---------+-------+---------
           D:1 |       0 |      53 |   0.0 |       0 |      29 |   0.0 |  2358
           D:2 |       0 |     176 |   0.0 |       0 |      24 |   0.0 |  1382
           D:3 |       0 |     143 |   0.0 |       0 |      21 |   0.0 |  1645
           D:4 |       0 |     359 |   0.0 |       0 |      30 |   0.0 |  2199
           D:5 |       0 |     149 |   0.0 |       0 |      15 |   0.0 |   841
           D:6 |       0 |     461 |   0.0 |       0 |      14 |   0.0 |  1039
           D:7 |       0 |    1315 |   0.0 |       0 |      16 |   0.0 |  1435
           D:8 |       0 |    2654 |   0.0 |       0 |      41 |   0.0 |  2782
           D:9 |       0 |    4070 |   0.0 |       0 |      44 |   0.0 |  1998
          D:10 |       0 |    1693 |   0.0 |       0 |      27 |   0.0 |  1379
          D:11 |       0 |    3187 |   0.0 |       0 |      34 |   0.0 |  1387
          D:12 |       0 |       3 |   0.0 |       0 |       1 |   0.0 |    34
       Ossuary |       0 |     174 |   0.0 |       0 |      16 |   0.0 |   739
               +---------+---------+-------+---------+---------+-------+---------
